[Event "*** Titled Tuesday Blitz"]
[Site "Chess.com"]
[Date "2019.07.02"]
[Round "4"]
[White "AbasovN"]
[Black "RzayevB"]
[Result "1-0"]
[WhiteElo "2864"]
[BlackElo "2591"]
[TimeControl "180+2"]
[EndTime "13:51:23 PDT"]
[Termination "AbasovN won by resignation"]

1. e4 c5 2. c3 Nf6 3. e5 Nd5 4. Nf3 e6 5. d4 cxd4 6. cxd4 d6 7.
Bc4 Nc6 8. O-O dxe5 9. dxe5 Be7 10. Bd2 O-O 11. Nc3 Nxc3 12. Bxc3 Qxd1 13. Rfxd1 Rd8 14.
Nd2 Bb4 15. Bxb4 Nxb4 16. Ne4 Bd7 17. Nd6 Bc6 18. a3 Nd5 19. Bxd5 Bxd5 20. Rac1 Rd7 21. f4 h5 22. Kf2 Rad8 23. g3 Bc6 24. Ke3 Bd5 25.
Rd4 g6 26. Rc3 Bc6 27. b3 Bd5 28. b4 Kf8 29. b5 Ke7 30. a4 Kf8 31. a5 Kg7 32.
Rd2 h4 33. g4 f6 34. g5 fxe5 35. fxe5 Rf8 36. Rf2 Rh8 37. h3 a6 38. b6 Bc6 39.
Rf6 Re7 40. Kf4 Rh7 41. Kg4 Rh8 42. Rc1 Rd8 43. Rcf1 Rdd7 44. R1f4 Rd8 45. Kxh4 Kg8 46. Rxg6+ Rg7 47. Rxg7+ Kxg7 48. Rf7+ Kg6 49. Rf6+ Kg7 50.
Kg4 1-0

[Event "*** Titled Tuesday Blitz"]
[Site "Chess.com"]
[Date "2019.07.02"]
[Round "4"]
[White "VFernandezB"]
[Black "ilm2034"]
[Result "1-0"]
[WhiteElo "2348"]
[BlackElo "2515"]
[TimeControl "180+2"]
[EndTime "13:51:24 PDT"]
[Termination "VFernandezB won by resignation"]

1. e4 c5 2. Nf3 d6 3. d4 cxd4 4. Nxd4 Nf6 5. Nc3 g6 6. Be3 Bg7 7. f3 O-O 8. Bc4 Nc6 9. Bb3 Qa5 10. Qd2 Re8 11. O-O e6 12. Nxc6 bxc6 13. Qxd6 Ba6 14. Rfd1 Rec8 15. Qc5 Qc7 16. Qd6 Qb7 17. Na4 Bf8 18. Qe5 Nd7 19. Qg3 c5 20. c4 Nb6 21.
Nxb6 Qxb6 22. h4 Bb7 23. h5 a5 24. Rab1 Ba6 25. Rdc1 Bg7 26. h6 Bf6 27. Bg5 Bd4+ 28. Kh1 f6 29. Bd2 Kf7 30. Bc3 Rd8 31. e5 fxe5 32.
Bxd4 Rxd4 33. Qxe5 Qd6 34. Qg7+ Ke8 35. Qg8+ Kd7 36.
Ba4+ Kc7 37. Qxh7+ Kb6 38. Rd1 Rh4+ 39. Kg1 Qh2+ 40. Kf2 Rf8 41. Rd3 Rg4 42. Rb3+ 1-0

[Event "*** Titled Tuesday Blitz"]
[Site "Chess.com"]
[Date "2019.07.02"]
[Round "4"]
[White "resha1988"]
[Black "IMAghasiyevKamal"]
[Result "0-1"]
[WhiteElo "2735"]
[BlackElo "2538"]
[TimeControl "180+2"]
[EndTime "13:51:27 PDT"]
[Termination "IMAghasiyevKamal won by resignation"]

1. Nf3 Nf6 2. c4 g6 3. b3 Bg7 4. Bb2 O-O 5. e3 c5 6. Be2 b6 7.
O-O Bb7 8. d4 cxd4 9. Nxd4 Nc6 10. Bf3 Qc8 11. Nd2 Nxd4 12. Bxd4 Bc6 13. a4 Qb7 14. Bxc6 dxc6 15. Qc2 c5 16. Bc3 Qc7 17.
h3 Rad8 18. Rfd1 Rd7 19. Nf3 Rfd8 20. Rxd7 Qxd7 21. a5 h6 22. Ne5 Qb7 23. Nf3 Qe4 24.
Qxe4 Nxe4 25. Bxg7 Kxg7 26. Ne5 Rd6 27. axb6 axb6 28.
Ra2 h5 29. f3 Rd1+ 30. Kh2 Nd2 31. Kg3 Nxb3 32. Rb2 Na5 33. Rxb6 f6 34. Nc6 Rd6 35. Nxa5 Rxb6 36. Kf4 Kf7 37. g4 h4 38. Ke4 Ke6 0-1

[Event "*** Titled Tuesday Blitz"]
[Site "Chess.com"]
[Date "2019.07.02"]
[Round "4"]
[White "dopolian"]
[Black "dcremisi"]
[Result "0-1"]
[WhiteElo "2333"]
[BlackElo "2258"]
[TimeControl "180+2"]
[EndTime "13:51:28 PDT"]
[Termination "dcremisi won by resignation"]

1. e4 Nf6 2. e5 Nd5 3. c4 Nb6 4.
d4 d6 5. Nf3 g6 6. Nc3 Bg7 7.
exd6 cxd6 8. b3 O-O 9. Be3 N8d7 10. Be2 Rb8 11. O-O e6 12. Rc1 Na8 13. Bf4 e5 14. dxe5 Nxe5 15. Nd5 Nb6 16. Nxb6 Qxb6 17. Be3 Qc7 18. a4 a6 19. Qd2 Be6 20. Rfd1 Rfd8 21. Nd4 Nc6 22. Bf3 Nxd4 23. Bxd4 Bxd4 24. Qxd4 b6 25.
Bd5 Bxd5 26. cxd5 Qb7 27. Rc6 Rbc8 28. Rdc1 Rxc6 29. Rxc6 Rc8 30. Qc4 Re8 31. h3 b5 32.
axb5 axb5 33. Qb4 Qe7 34. Qd4 Qe1+ 35. Kh2 Qb1 36. Rxd6 Qxb3 37. Rb6 Qc4 38. Qd2 Qc7+ 39.
d6 Qxb6 40. d7 Rd8 41. Qe2 Qc7+ 42. g3 Qxd7 0-1

[Event "*** Titled Tuesday Blitz"]
[Site "Chess.com"]
[Date "2019.07.02"]
[Round "4"]
[White "FranciscodelaF"]
[Black "witcher8"]
[Result "0-1"]
[WhiteElo "2261"]
[BlackElo "2439"]
[TimeControl "180+2"]
[EndTime "13:51:31 PDT"]
[Termination "witcher8 won by resignation"]

1. d4 Nf6 2. c4 g6 3. Nc3 Bg7 4. Nf3 O-O 5. g3 d6 6. Bg2 Nc6 7. O-O a6 8. Qd3 e5 9. dxe5 dxe5 10. Qxd8 Rxd8 11. Bg5 Re8 12. Nd2 Nd4 13. e3 Ne6 14. Bxf6 Bxf6 15. Nde4 Bd8 16. Rfd1 f5 17. Nd2 e4 18.
Nd5 c6 19. Nf4 Bf6 20. Rab1 Nxf4 21. gxf4 Be6 22. b3 Rad8 23. Nf1 b5 24. cxb5 axb5 25. Ng3 c5 26. Bf1 c4 27. bxc4 bxc4 28. Ne2 Ra8 29. Nd4 Bf7 30. Rbc1 Rec8 31. Rc2 c3 32. Rdc1 Bxd4 33.
exd4 Ra3 34. Be2 Kf8 35. f3 Bd5 36. Kf2 Ke7 37. Ke3 exf3 38. Bxf3 Bxa2 39. Ra1 Bb3 40.
Rxa3 Bxc2 41. Ra1 Kd6 42. Rc1 Ba4 43. d5 Bb5 44. Kd4 Rc4+ 45. Ke3 Kc5 46. Rd1 c2 47. Rc1 Kb4 48. Kd2 Kb3 49. Ke1 Kb2 0-1

[Event "*** Titled Tuesday Blitz"]
[Site "Chess.com"]
[Date "2019.07.02"]
[Round "4"]
[White "hermionegrangermagic"]
[Black "pulvettd"]
[Result "0-1"]
[WhiteElo "2334"]
[BlackElo "2524"]
[TimeControl "180+2"]
[EndTime "13:51:32 PDT"]
[Termination "pulvettd won on time"]

1. e4 c5 2. Nf3 d6 3. d4 cxd4 4. Nxd4 Nf6 5. Nc3 a6 6. Be3 e5 7. Nf3 Qc7 8. a4 b6 9. Bg5 Nbd7 10. Nd2 Bb7 11. Bc4 Be7 12. O-O O-O 13. Ba2 b5 14.
axb5 axb5 15. Nxb5 Qb6 16. c4 Bc6 17. Be3 Qb7 18.
f3 Bxb5 19. cxb5 Qxb5 20. Qb3 Qa6 21. Qc4 Qb7 22. Bb3 d5 23. exd5 Rac8 24. Ra7 Qb8 25. Qe2 Bc5 26. Bxc5 Nxc5 27. Ra3 Rfd8 28. d6 Rxd6 29. Qe3 Rd3 30. Qf2 Nxb3 31. Nxb3 Rxb3 0-1

[Event "*** Titled Tuesday Blitz"]
[Site "Chess.com"]
[Date "2019.07.02"]
[Round "4"]
[White "Palacios-LLera"]
[Black "przemekpiotrowski"]
[Result "1-0"]
[WhiteElo "2411"]
[BlackElo "2351"]
[TimeControl "180+2"]
[EndTime "13:51:44 PDT"]
[Termination "Palacios-LLera won by resignation"]

1. d4 Nf6 2. Nf3 g6 3. c3 Bg7 4. Bg5 O-O 5. Nbd2 d5 6. e3 c5 7. dxc5 a5 8. a4 Nbd7 9. Nb3 Qc7 10. Bxf6 Nxf6 11. Bb5 e5 12. O-O Bg4 13. h3 Bxf3 14. Qxf3 Ne4 15. Rfd1 Rad8 16. c4 dxc4 17. Qxe4 Rxd1+ 18.
Rxd1 cxb3 19. Qc4 e4 20. Qxb3 Qxc5 21. Bc4 Qc7 22. Bd5 Qe5 23. Qxb7 Qxb2 24. Qxb2 Bxb2 25. Bxe4 Kg7 26. Rd7 Bc3 27. Bd5 Bb4 28. f4 h5 29.
Kf2 Kf6 30. Kf3 Be7 31. Ra7 Rc8 32. e4 Rc3+ 33. Ke2 Rc2+ 34. Kd3 Rxg2 35. e5+ Kf5 36. Bxg2 1-0

[Event "*** Titled Tuesday Blitz"]
[Site "Chess.com"]
[Date "2019.07.02"]
[Round "4"]
[White "wonderfultime"]
[Black "platy3"]
[Result "0-1"]
[WhiteElo "2901"]
[BlackElo "2820"]
[TimeControl "180+2"]
[EndTime "13:51:46 PDT"]
[Termination "platy3 won by resignation"]

1. d4 Nf6 2. Nf3 d5 3. Bf4 e6 4. e3 c5 5. c3 Nc6 6. Nbd2 Bd6 7.
Bg3 O-O 8. Bb5 a6 9. Bxc6 bxc6 10. Qa4 Bxg3 11. hxg3 Qd6 12. Qa3 Nd7 13. O-O a5 14.
Rfe1 a4 15. c4 Bb7 16. Rac1 Rfc8 17. Rc2 Qf8 18. dxc5 Qxc5 19. Qc3 Qa5 20. Qd4 c5 21. Qf4 Nf6 22. Rec1 Qb4 23. Ne5 Rd8 24. cxd5 Rxd5 25.
a3 Qxf4 26. gxf4 Rad8 27. Ndf3 Ne4 28. Rc4 f6 29. Ng4 Rd1+ 30. Rxd1 Rxd1+ 31. Kh2 h5 32.
Nxf6+ gxf6 33. Rxa4 Nxf2 34. Ra7 Rh1+ 0-1

[Event "*** Titled Tuesday Blitz"]
[Site "Chess.com"]
[Date "2019.07.02"]
[Round "4"]
[White "GMHess"]
[Black "Kirill_Klukin"]
[Result "0-1"]
[WhiteElo "2739"]
[BlackElo "2650"]
[TimeControl "180+2"]
[EndTime "13:51:46 PDT"]
[Termination "Kirill_Klukin won on time"]

1. b3 Nf6 2. Bb2 e6 3. Nf3 c5 4.
e3 Be7 5. c4 O-O 6. Be2 b6 7. O-O Bb7 8. Nc3 d6 9. d4 cxd4 10.
Nxd4 a6 11. Bf3 Qc8 12. Rc1 Nbd7 13. Bxb7 Qxb7 14. Qf3 Qxf3 15. gxf3 Rfc8 16. f4 Nc5 17.
Rfd1 Nfe4 18. Nxe4 Nxe4 19. f5 Bf6 20. fxe6 fxe6 21.
Ba3 Kf7 22. Ne2 Rc6 23. Bb4 Rac8 24. f3 Nc5 25. Nd4 R6c7 26. Kf2 b5 27. Ke2 Nb7 28. cxb5 Rxc1 29. Rxc1 Rxc1 30. bxa6 Bxd4 31. exd4 Nd8 32. a7 Rc2+ 33. Kd3 Rxa2 0-1

[Event "*** Titled Tuesday Blitz"]
[Site "Chess.com"]
[Date "2019.07.02"]
[Round "4"]
[White "Heineccius"]
[Black "deBaller"]
[Result "1-0"]
[WhiteElo "2517"]
[BlackElo "2372"]
[TimeControl "180+2"]
[EndTime "13:51:50 PDT"]
[Termination "Heineccius won by resignation"]

1. d4 e6 2. c4 Nf6 3. Nc3 Bb4 4. g3 O-O 5. Bg2 d6 6. Nf3 Nc6 7. O-O Bxc3 8. bxc3 e5 9. c5 dxc5 10. Ba3 b6 11.
Nxe5 Nxe5 12. dxe5 Rb8 13. Qxd8 Rxd8 14. exf6 gxf6 15.
Bc1 Ba6 16. Bf3 Rd7 17. Bf4 Rbd8 18. a4 Re7 19. Rfe1 Rde8 20. e3 Bd3 21. Red1 c4 22. a5 b5 23. Bc6 Rb8 24. a6 Rb6 25. Bf3 c5 26. e4 b4 27. cxb4 cxb4 28. Be3 Rb5 29.
Bd4 Kg7 30. Rac1 Rd7 31. Ba1 b3 32. Bb2 Re7 33. Rxd3 cxd3 34. Rc6 Rd7 35. Bxf6+ Kg6 36. Bb2+ f6 37. Rxf6+ Kg7 38. Rd6+ Kf8 39. Rxd7 Ra5 40. Rxd3 Ra2 41. Rxb3 1-0

[Event "*** Titled Tuesday Blitz"]
[Site "Chess.com"]
[Date "2019.07.02"]
[Round "4"]
[White "dolynachess"]
[Black "riconaipe"]
[Result "1-0"]
[WhiteElo "2463"]
[BlackElo "2483"]
[TimeControl "180+2"]
[EndTime "13:51:51 PDT"]
[Termination "dolynachess won by checkmate"]

1. d4 d5 2. c4 e6 3. Nf3 c6 4. g3 f5 5. Bg2 Nf6 6. O-O Bd6 7. b3 O-O 8. Ba3 Ne4 9. Qc1 b5 10. Ne5 b4 11. Bb2 Ba6 12. a3 c5 13. axb4 cxb4 14. Nc6 Qc8 15. Nxb8 Rxb8 16. c5 Bc7 17. Re1 f4 18. Nd2 Nxf2 19. Kxf2 fxg3+ 20. Kg1 gxh2+ 21. Kh1 Rf2 22. Nf3 Rxe2 23. Rxe2 Bxe2 24. Qe3 Bxf3 25. Bxf3 a5 26. Bg4 Qf8 27. Qxe6+ Kh8 28. Qxd5 Qf2 29.
Qg2 Qe3 30. d5 Qxc5 31. Be6 Qe7 32. Rf1 Rf8 33. Qxg7+ Qxg7 34. Rxf8# 1-0

[Event "*** Titled Tuesday Blitz"]
[Site "Chess.com"]
[Date "2019.07.02"]
[Round "4"]
[White "doons21"]
[Black "Airquake"]
[Result "0-1"]
[WhiteElo "2448"]
[BlackElo "2667"]
[TimeControl "180+2"]
[EndTime "13:51:54 PDT"]
[Termination "Airquake won by checkmate"]

1. e4 c5 2. c3 d6 3. d4 cxd4 4.
cxd4 Nf6 5. Nc3 g6 6. Qe2 Bg7 7. e5 dxe5 8. dxe5 Nfd7 9. e6 fxe6 10. Nf3 O-O 11. Ng5 Qa5 12. Bd2 Qb6 13. Qxe6+ Kh8 14.
Nf7+ Rxf7 15. Qxf7 Nc6 16. Bc4 Nf6 17. Na4 Qd4 18.
Be3 Qg4 19. h3 Qxg2 20. O-O-O Bf5 21. Bf4 Qe4 22. Bd3 Qxf4+ 23. Kb1 Bxd3+ 24. Rxd3 Qxa4 25. Rhd1 Qe4 26. Ka1 Rf8 27. Qb3 h5 28. Re3 Nd4 29. Qxb7 Nc2+ 30. Kb1 Na3+ 31. Kc1 Qc2# 0-1

[Event "*** Titled Tuesday Blitz"]
[Site "Chess.com"]
[Date "2019.07.02"]
[Round "4"]
[White "adriangschnitzer"]
[Black "Eliwood44"]
[Result "1/2-1/2"]
[WhiteElo "2469"]
[BlackElo "2335"]
[TimeControl "180+2"]
[EndTime "13:51:54 PDT"]
[Termination "Game drawn by repetition"]

1. e4 e5 2. Nf3 Nc6 3. Bc4 Nf6 4. d3 h6 5. a4 d6 6. c3 g5 7. Be3 Bg7 8. Nbd2 Qe7 9. h4 g4 10. Ng1 Be6 11. h5 d5 12. exd5 Nxd5 13. Ne2 Nxe3 14. fxe3 O-O-O 15. Qc2 e4 16. Bxe6+ Qxe6 17. Nxe4 f5 18.
N4g3 Qxe3 19. Nxf5 Qe5 20. d4 Qf6 21. Nxg7 Qxg7 22.
O-O-O Rhe8 23. Ng3 Qg5+ 24. Kb1 Re3 25. Qf5+ Qxf5+ 26.
Nxf5 Re2 27. Nxh6 Rxg2 28. Rdg1 Rxg1+ 29. Rxg1 Rh8 30. Nxg4 Rxh5 31. Nf6 Rh8 32. Rg8+ Rxg8 33. Nxg8 Kd7 34. Kc1 Na5 35. Kc2 b6 36. b3 c5 37. d5 c4 38. b4 Nb3 39. Nf6+ Kd6 40. Ng4 a6 41. Ne3 b5 42. axb5 axb5 43. Kd1 Ke5 44.
Kc2 Kd6 45. Kd1 Ke5 46. Kc2 Kd6 1/2-1/2

[Event "*** Titled Tuesday Blitz"]
[Site "Chess.com"]
[Date "2019.07.02"]
[Round "4"]
[White "Zubrrr"]
[Black "Sanan_Sjugirov"]
[Result "0-1"]
[WhiteElo "2740"]
[BlackElo "2960"]
[TimeControl "180+2"]
[EndTime "13:51:55 PDT"]
[Termination "Sanan_Sjugirov won by resignation"]

1. c4 e6 2. g3 d5 3. Bg2 Nf6 4. Nf3 dxc4 5. Na3 Bxa3 6. bxa3 O-O 7. Qc2 Qd5 8. O-O Qe4 9. Qd1 Qf5 10. Bb2 Nc6 11.
Rc1 e5 12. Rxc4 Be6 13. Nh4 Qh5 14. Rc5 Nd7 15. Rb5 Rab8 16. Bf3 Qg5 17. Bc3 a6 18. Rb2 Rfe8 19. Qb1 Nb6 20. Bxc6 bxc6 21. Nf3 Qh5 22. Nxe5 Bh3 23. Nxc6 Qd5 24. f3 Qxc6 25. Rf2 h5 26. e4 Nd7 27. Qa1 Rxb2 28. Qxb2 Rb8 29. Qa1 Qb6 30. Qe1 Nc5 0-1

[Event "*** Titled Tuesday Blitz"]
[Site "Chess.com"]
[Date "2019.07.02"]
[Round "4"]
[White "Fins0905"]
[Black "Philosopherrr"]
[Result "0-1"]
[WhiteElo "2726"]
[BlackElo "2521"]
[TimeControl "180+2"]
[EndTime "13:51:57 PDT"]
[Termination "Philosopherrr won by resignation"]

1. d4 Nf6 2. Nf3 e6 3. c4 c5 4. d5 exd5 5. cxd5 d6 6. Nc3 g6 7. Bf4 Bg7 8. h3 O-O 9. e3 a6 10. a4 Re8 11. Nd2 Nbd7 12. Bxd6 Nb6 13. Bxc5 Nbxd5 14.
Bd4 Nb4 15. Nf3 Bf5 16. Rc1 Qa5 17. Be2 Rad8 18. O-O Nc6 19. Qb3 Nxd4 20. Nxd4 Bc8 21. Bf3 Qg5 22. Kh2 Re7 23. Qb6 Rde8 24. Rfd1 h5 25. Qb3 Qh4 26. Nd5 Nxd5 27. Qxd5 Qxf2 28. Rf1 Qxe3 29. Ne2 Qe5+ 30. Qxe5 Bxe5+ 31. Kh1 Bxb2 32. Rb1 Rxe2 33. Bxe2 Rxe2 34. Rbd1 Be6 35. Rd8+ Kg7 36. Rb8 Bd5 37. Rg1 Bd4 0-1

[Event "*** Titled Tuesday Blitz"]
[Site "Chess.com"]
[Date "2019.07.02"]
[Round "4"]
[White "Orest_Vovk"]
[Black "Mbneu"]
[Result "1-0"]
[WhiteElo "2324"]
[BlackElo "2317"]
[TimeControl "180+2"]
[EndTime "13:51:57 PDT"]
[Termination "Orest_Vovk won by resignation"]

1. h4 d5 2. h5 h6 3. e4 dxe4 4. Nc3 Nf6 5. Qe2 Nc6 6. Nxe4 Nxe4 7. Qxe4 Qd4 8. Qxd4 Nxd4 9. Bd3 Bf5 10. Bxf5 Nxf5 11.
Ne2 O-O-O 12. d3 e5 13. Be3 Nxe3 14. fxe3 Bc5 15. Rh3 Rhe8 16. O-O-O e4 17. d4 Be7 18. Rg3 Bg5 19. Rf1 f6 20. Nf4 Re7 21. c4 b6 22. Kc2 c6 23. b4 Kc7 24. a4 a6 25. Kc3 Rdd7 26. Ng6 Re8 27. Rf5 Ra8 28. Nf4 Re8 29. Nh3 Rh8 30. Nxg5 hxg5 31. Rh3 Rh6 32. g4 Rd6 33. Rg3 Kd7 34. c5 bxc5 35. bxc5 Re6 36.
Rf1 Re8 37. Rb1 Kc7 38. Rb6 Ra8 39. Rg1 Rhh8 40. Rf1 Rhb8 41. a5 Rxb6 42. axb6+ Kb7 43. h6 gxh6 44. Rxf6 a5 45. Rxh6 a4 46. Kb2 a3+ 47. Ka2 Ra4 48. Rh7+ Kb8 49. Rc7 Rc4 50. Kxa3 Rc3+ 51.
Kb4 Rxe3 52. Rxc6 Rd3 53. Kc4 1-0

[Event "*** Titled Tuesday Blitz"]
[Site "Chess.com"]
[Date "2019.07.02"]
[Round "4"]
[White "oskariot"]
[Black "Vegan4future"]
[Result "1/2-1/2"]
[WhiteElo "2587"]
[BlackElo "2403"]
[TimeControl "180+2"]
[EndTime "13:51:58 PDT"]
[Termination "Game drawn by repetition"]

1. e4 e5 2. f4 d6 3. Nf3 exf4 4. Bc4 Nf6 5. Nc3 Be7 6. O-O O-O 7. d4 Nxe4 8. Nxe4 d5 9. Bd3 dxe4 10. Bxe4 c6 11.
Bxf4 Be6 12. Qd2 Nd7 13. Ng5 Bxg5 14. Bxg5 Qb6 15. c3 Ne5 16. Be7 Nc4 17. Qg5 h6 18. Qg3 f5 19. Bxf8 Rxf8 20. Bc2 Qxb2 21. Bb3 b5 22.
Rae1 Bd5 23. Re7 g5 24. Bxc4 bxc4 25. Rxa7 f4 26. Qh3 Qe2 27. Rf2 Qe1+ 28. Rf1 Qe2 29.
Rf2 Qd1+ 30. Rf1 Qd2 31. Rf2 Qc1+ 32. Rf1 Qc2 33. Rf2 Qd1+ 34. Rf1 Qe2 1/2-1/2

[Event "*** Titled Tuesday Blitz"]
[Site "Chess.com"]
[Date "2019.07.02"]
[Round "4"]
[White "swisspower96"]
[Black "Msb2"]
[Result "1-0"]
[WhiteElo "2731"]
[BlackElo "2863"]
[TimeControl "180+2"]
[EndTime "13:51:59 PDT"]
[Termination "swisspower96 won by resignation"]

1. d4 d5 2. c4 c6 3. cxd5 cxd5 4. Bf4 Nf6 5. e3 Nc6 6. Nc3 a6 7. Bd3 Bg4 8. Nge2 e6 9. Rc1 Bxe2 10. Qxe2 Bd6 11. Bg5 h6 12. Bh4 O-O 13. f4 Be7 14.
O-O Ne8 15. Bxe7 Nxe7 16. Na4 Nd6 17. Bb1 b6 18. Bd3 Qb8 19. b3 Qa7 20. g4 f5 21.
g5 hxg5 22. fxg5 Ne4 23. Qh5 g6 24. Qh6 Rf7 25. Qh4 Qb8 26. Qf4 b5 27. Nc5 Nxc5 28. Rxc5 Qxf4 29. exf4 Rc8 30. Re1 Rc6 31. Rxc6 Nxc6 32.
Rxe6 Nxd4 33. Rxg6+ Kf8 34. Rxa6 Rc7 35. Kf2 Kg7 36. h4 Nc6 37. h5 Nb4 38. Rg6+ Kf7 39. Bxf5 Ra7 40. h6 Rxa2+ 41. Kg3 Rb2 42. h7 Rxb3+ 43.
Kg4 Nc2 44. h8=Q Ne3+ 45. Kh5 Nxf5 46. Qf6+ Ke8 47. Qxf5 1-0

[Event "*** Titled Tuesday Blitz"]
[Site "Chess.com"]
[Date "2019.07.02"]
[Round "4"]
[White "Zarikovs1999"]
[Black "diskeleven"]
[Result "0-1"]
[WhiteElo "2534"]
[BlackElo "2398"]
[TimeControl "180+2"]
[EndTime "13:51:59 PDT"]
[Termination "diskeleven won by resignation"]

1. e4 c5 2. Nf3 e6 3. Nc3 a6 4.
g3 b5 5. Bg2 Bb7 6. d3 d6 7.
O-O Be7 8. Be3 Nd7 9. Qd2 Ngf6 10. a4 b4 11. Ne2 d5 12. exd5 Nxd5 13. Nf4 Nxe3 14. fxe3 O-O 15. a5 Qc7 16. c4 Rad8 17. Rad1 Nf6 18. Qc2 Rd7 19. b3 Qxa5 20. Ne5 Rc7 21.
Bxb7 Rxb7 22. d4 Qc7 23. Nf3 h6 24. d5 e5 25. Ne2 Ng4 26. Qc1 f5 27. h3 Nf6 28.
Nh4 f4 29. exf4 Ne4 30. Ng6 Bd6 31. Nxf8 Bxf8 32. fxe5 Qxe5 33. Qf4 Qe8 34. d6 Rd7 35. Rf3 Bxd6 36. Qf5 Nf6 37. Nf4 Bxf4 38. Rxd7 Be3+ 39. Kg2 Nxd7 40. Qd5+ Kh8 41. Qd3 Bd4 42. Qf1 Qe4 43.
h4 Ne5 0-1

[Event "*** Titled Tuesday Blitz"]
[Site "Chess.com"]
[Date "2019.07.02"]
[Round "4"]
[White "senecacrane"]
[Black "GuerrieroFromLevant"]
[Result "0-1"]
[WhiteElo "2316"]
[BlackElo "2236"]
[TimeControl "180+2"]
[EndTime "13:51:59 PDT"]
[Termination "GuerrieroFromLevant won by resignation"]

1. Nf3 d5 2. e3 Nf6 3. c4 dxc4 4.
Bxc4 a6 5. a4 c5 6. Nc3 e6 7.
O-O Nc6 8. e4 Bd6 9. Re1 Qc7 10.
d3 O-O 11. h3 h6 12. Be3 Nd7 13. Qe2 b6 14. Rad1 Bb7 15. Bb3 Nde5 16. Nxe5 Bxe5 17.
Qg4 Kh8 18. f4 Bd4 19. Bc4 Bxe3+ 20. Rxe3 Nd4 21. f5 exf5 22. exf5 Rae8 23. Rde1 Rxe3 24. Rxe3 Qd7 25. Rg3 f6 26. Be6 Qe7 27. Ne4 Nxe6 28. fxe6 f5 29. Qg6 fxe4 30. dxe4 Qf6 31. Qg4 Qe5 32. Rf3 Rxf3 33. gxf3 Bc8 34. Qf5 Qxe6 35. Qf8+ Kh7 36. Kf2 Bd7 37. Qb8 Bxa4 38. Ke3 c4 39.
f4 b5 40. f5 Qf6 41. Qc7 Qxb2 42. Kf4 Qf2+ 43. Ke5 Qg3+ 0-1

[Event "*** Titled Tuesday Blitz"]
[Site "Chess.com"]
[Date "2019.07.02"]
[Round "4"]
[White "KRASAVCHIK2002"]
[Black "ClockworkKubrick"]
[Result "0-1"]
[WhiteElo "2214"]
[BlackElo "2104"]
[TimeControl "180+2"]
[EndTime "13:52:07 PDT"]
[Termination "ClockworkKubrick won by resignation"]

1. d4 d6 2. Nf3 Nf6 3. Bg5 g6 4.
Bxf6 exf6 5. e3 f5 6. g3 Bg7 7. Bg2 O-O 8. O-O h5 9. Nbd2 Nc6 10. c4 Bd7 11. a3 Qe7 12. b4 Rae8 13. b5 Nd8 14. a4 Ne6 15. h4 Bc8 16. Rc1 Bh6 17.
a5 Kh7 18. b6 axb6 19. axb6 cxb6 20. Qb3 g5 21. hxg5 Nxg5 22. Qxb6 Ne4 23. Qb2 Rg8 24. c5 Nxg3 25. fxg3 Rxg3 26. Nc4 Reg8 27. Rce1 Rxg2+ 28. Qxg2 Rxg2+ 29. Kxg2 dxc5 30. Nce5 f4 31. exf4 Bxf4 32. Nd3 Qf6 33. Nxf4 Qxf4 34. dxc5 Bg4 35. Ne5 Qd2+ 36. Kg3 Qc3+ 37. Kf4 f6 38. Nf3 Bxf3 39. Rxf3 Qxe1 0-1

[Event "*** Titled Tuesday Blitz"]
[Site "Chess.com"]
[Date "2019.07.02"]
[Round "4"]
[White "MateSchmate"]
[Black "PotapovaM"]
[Result "0-1"]
[WhiteElo "2353"]
[BlackElo "2501"]
[TimeControl "180+2"]
[EndTime "13:52:08 PDT"]
[Termination "PotapovaM won by checkmate"]

1. e4 c5 2. Nf3 d6 3. d4 cxd4 4. Nxd4 Nf6 5. Nc3 a6 6. h3 e5 7. Nde2 h5 8. g3 Be6 9. Bg2 b5 10. a4 b4 11. Nd5 Nxd5 12. exd5 Bf5 13. c4 Nd7 14. Be3 Rc8 15. b3 a5 16. O-O Be7 17. f4 Bh7 18. f5 Bg5 19. Qd2 Bxe3+ 20. Qxe3 Qb6 21. Qxb6 Nxb6 22. g4 hxg4 23. hxg4 f6 24. Ng3 Nd7 25. Ne4 Ke7 26. Kf2 g6 27. Ke3 Rcg8 28. Bh3 gxf5 29. gxf5 Bg6 30. Rh1 Be8 31.
Kf3 Rh4 32. Nf2 Bh5+ 33. Ke3 Rg3+ 34. Kd2 Nc5 35. Bf1 Rxh1 36. Nxh1 Rg1 37. Rb1 Rxh1 38. Ke3 Bg4 39. Bd3 Rxb1 40. Bxb1 Nxb3 41. Be4 Nc5 42. Bb1 Nxa4 43. Bc2 Nc5 44. Kd2 a4 45. Bb1 b3 46.
Kc3 a3 47. Kb4 a2 48. Kb5 axb1=Q 49. Kc6 b2 50. Kc7 Qa1 51. Kc6 Qa6+ 52. Kc7 Qb7# 0-1

[Event "*** Titled Tuesday Blitz"]
[Site "Chess.com"]
[Date "2019.07.02"]
[Round "4"]
[White "DryCounty"]
[Black "Alexander_Moskalenko"]
[Result "1/2-1/2"]
[WhiteElo "2714"]
[BlackElo "2857"]
[TimeControl "180+2"]
[EndTime "13:52:09 PDT"]
[Termination "Game drawn by agreement"]

1. Nf3 c5 2. c4 Nc6 3. d4 cxd4 4. Nxd4 Nf6 5. Nc3 e6 6. Ndb5 d5 7. Bf4 e5 8. cxd5 exf4 9. dxc6 bxc6 10. Qxd8+ Kxd8 11.
O-O-O+ Bd7 12. Nd6 Bxd6 13. Rxd6 Ke7 14. Rd4 g5 15. g3 c5 16. Rc4 Be6 17. Rxc5 Rac8 18. Rxc8 Rxc8 19. Bg2 fxg3 20. hxg3 Bxa2 21. Kc2 Be6 22.
Ra1 Rc7 23. e4 Ng4 24. Rf1 Bc4 25. Rh1 Nxf2 26. Rxh7 Ng4 27. Bf3 Ne5 28. Bh5 Bd3+ 29. Kd2 Rd7 30. Ke3 Bc4 31. Be2 Bxe2 32. Kxe2 Rb7 33. Nd5+ Kf8 34. b4 Nc6 35. Rh5 Nxb4 36. Rxg5 Nc6 37. Ke3 a5 38. Nf6 Ke7 39. Nd5+ Kf8 40.
Nf6 Ke7 41. Nd5+ Kd6 42. Rg8 a4 43. Ra8 Ra7 44. Rxa7 Nxa7 45. Nb6 a3 46. Nc4+ Ke6 47. Nxa3 f5 1/2-1/2

[Event "*** Titled Tuesday Blitz"]
[Site "Chess.com"]
[Date "2019.07.02"]
[Round "4"]
[White "tunadrol"]
[Black "FMJoseHerrera"]
[Result "1-0"]
[WhiteElo "2428"]
[BlackElo "2632"]
[TimeControl "180+2"]
[EndTime "13:52:10 PDT"]
[Termination "tunadrol won on time"]

1. e4 c5 2. Nf3 e6 3. d4 cxd4 4. Nxd4 a6 5. Bd3 Qc7 6. O-O d6 7. c4 Nd7 8. Nc3 Ngf6 9. Be3 Be7 10. f4 h5 11. Be2 b6 12. f5 e5 13. Nb3 Bb7 14.
Nd5 Bxd5 15. exd5 Nc5 16. Rc1 h4 17. Nd2 h3 18. g4 Nfe4 19. Nxe4 Nxe4 20. Qa4+ Qd7 21.
Qc2 Nc5 22. b4 Nb7 23. Bxb6 Bg5 24. Rcd1 a5 25. c5 dxc5 26. bxc5 Be3+ 27. Kh1 Qc8 28. Rd3 Bd4 29. Rxd4 exd4 30. Qe4+ Kf8 31. c6 Nd6 32.
Bc5 Qc7 33. Qe5 Rd8 34. g5 Qe7 35. Qxe7+ Kxe7 36. f6+ gxf6 37. gxf6+ Kf8 38. c7 Rc8 39. Bxd6+ Kg8 40. Bd3 1-0

[Event "*** Titled Tuesday Blitz"]
[Site "Chess.com"]
[Date "2019.07.02"]
[Round "4"]
[White "irregularity"]
[Black "Gattass"]
[Result "1-0"]
[WhiteElo "2538"]
[BlackElo "2295"]
[TimeControl "180+2"]
[EndTime "13:52:18 PDT"]
[Termination "irregularity won by resignation"]

1. Nf3 Nf6 2. b3 b6 3. Bb2 e6 4. e3 Bb7 5. c4 d5 6. Nc3 dxc4 7. Bxc4 c5 8. Qc2 Nc6 9. a3 Be7 10. Rg1 O-O 11. g4 Nd5 12. g5 Na5 13. Be2 Nc7 14. Ne4 Bxe4 15. Qxe4 Qd5 16. Qh4 Qxb3 17. Be5 Ne8 18.
Rg3 Qc2 19. d3 f6 20. Rh3 h6 21. Qe4 fxe5 22. Kf1 Qc3 23. Re1 Nd6 24. Qg6 Bxg5 25.
Nxg5 hxg5 26. Qxe6+ Rf7 27. Bh5 Qxd3+ 28. Kg1 Qf5 29.
Bxf7+ Qxf7 30. Qxd6 Rf8 31. Rf1 Nc4 32. Qc6 Nd2 33.
Rd1 Qxf2+ 34. Kh1 Nf3 35. Qe6+ 1-0

[Event "*** Titled Tuesday Blitz"]
[Site "Chess.com"]
[Date "2019.07.02"]
[Round "4"]
[White "Oleksandr_Bortnyk"]
[Black "Angry_Twin"]
[Result "1-0"]
[WhiteElo "2947"]
[BlackElo "2803"]
[TimeControl "180+2"]
[EndTime "13:52:22 PDT"]
[Termination "Oleksandr_Bortnyk won by resignation"]

1. e4 c5 2. Nf3 d6 3. Bc4 Nf6 4.
d3 e6 5. O-O Be7 6. c3 O-O 7.
Bb3 Nc6 8. h3 b5 9. Re1 a5 10.
d4 d5 11. e5 Ne4 12. Nbd2 cxd4 13. cxd4 Nxd2 14. Bxd2 Qb6 15. Be3 a4 16. Bc2 a3 17. b3 Bd7 18. Rc1 Rfc8 19. Qd3 g6 20. Bb1 Nb4 21. Qd2 Rxc1 22. Rxc1 Rc8 23. h4 h5 24. Rf1 Be8 25. Bg5 Bf8 26. Bf6 Qc6 27. g4 Qc3 28. Qf4 Nd3 29. Qg5 Nc1 30. Kg2 hxg4 31.
Qxg4 Bg7 32. h5 Qb2 33. hxg6 Bxf6 34. gxf7+ Kxf7 35. exf6 Kxf6 36. Qg5+ Kf7 37. Ne5+ Kf8 38. Qf6+ Kg8 39. Bh7+ Kxh7 40. Rh1+ 1-0